NYP
HILLSBORO HOPS @ BOISE HAWKS
07/15/2047
 
TOP OF THE 1ST
Hillsboro Hops batting - Pitching for Boise Hawks : RHP Dave Shanks
Pitching: RHP Dave Shanks
Batting: RHB Nelson Ozuna 0-0: Called Strike
0-1: Ball
1-1: Ground out 6-3 (Groundball, 6, EV 88.8 MPH)
Batting: RHB Dwane Reed 0-0: Ball
1-0: Called Strike
1-1: Foul Ball, location: 2F
1-2: Reached on error, E6 (Groundball, 56, EV 85.6 MPH)
Batting: RHB Danny Loyola 0-0: Ball
Dwane Reed is caught stealing 2nd base 2-4
1-0: Ground out 5-3 (Groundball, 56, EV 100.6 MPH)
Top of the 1st over - 0 runs, 0 hits, 1 error, 0 left on base; Hillsboro 0 - Boise 0
BOTTOM OF THE 1ST
Boise Hawks batting - Pitching for Hillsboro Hops : RHP Ricardo Villar
Pitching: RHP Ricardo Villar
Batting: RHB Larry Hardman 0-0: SINGLE (Flyball, 3D, EV 87.5 MPH)
Batting: RHB Corban Stavrakis 0-0: Called Strike
0-1: Ball
1-1: Ball
2-1: Ball
3-1: Foul Ball, location: 2F
3-2: Ground out 5-3 (Groundball, 5L, EV 98.1 MPH)
Larry Hardman to second
Batting: LHB Harry Folsom 0-0: Called Strike
0-1: Ball
Balk!
Larry Hardman to third
1-1: SINGLE (Groundball, 56, EV 100.0 MPH)
Larry Hardman scores
Batting: RHB Shawn Weber 0-0: Ball
Harry Folsom is caught stealing 2nd base 2-4
1-0: Ball
2-0: Fly out, F8 (Flyball, 8LS, EV 91.2 MPH)
Bottom of the 1st over - 1 run, 2 hits, 0 errors, 0 left on base; Hillsboro 0 - Boise 1
TOP OF THE 2ND
Hillsboro Hops batting - Pitching for Boise Hawks : RHP Dave Shanks
Batting: RHB Terry Jarrells 0-0: Fly out, F3 (Popup, 3S, EV 79.4 MPH)
Batting: RHB Jonathan Underhill 0-0: Ball
1-0: Called Strike
1-1: Called Strike
1-2: Ground out U3 (Groundball, 3, EV 86.2 MPH)
Batting: RHB Longfellow Wetzler 0-0: Ground out 5-3 (Groundball, 5L, EV 108.8 MPH)
Top of the 2nd over - 0 runs, 0 hits, 0 errors, 0 left on base; Hillsboro 0 - Boise 1
BOTTOM OF THE 2ND
Boise Hawks batting - Pitching for Hillsboro Hops : RHP Ricardo Villar
Batting: SHB Charlie Diesel 0-0: Foul Ball, location: 2F
0-1: Ball
1-1: Foul Ball, location: 2F
1-2: DOUBLE (Line Drive, 89D, EV 103.8 MPH)
Batting: LHB Cy Ostrowski 0-0: Ground out 4-3 (Groundball, 4D, EV 100.6 MPH)
Charlie Diesel to third
Batting: LHB Fernando Amaya 0-0: Called Strike
0-1: Foul Ball, location: 2F
0-2: Ball
1-2: Strikes out swinging
Batting: RHB Charles Blatchford 0-0: Fly out, F8 (Flyball, 8RM, EV 79.4 MPH)
Bottom of the 2nd over - 0 runs, 1 hit, 0 errors, 1 left on base; Hillsboro 0 - Boise 1
TOP OF THE 3RD
Hillsboro Hops batting - Pitching for Boise Hawks : RHP Dave Shanks
Batting: RHB Chris McGrath 0-0: Ball
1-0: Foul Ball, location: 2F
1-1: Ball
2-1: Ball
3-1: Swinging Strike
3-2: Base on Balls
Batting: RHB Ryuki Ogasawara 0-0: Ball
1-0: Ball
Chris McGrath steals 2nd base
2-0: Called Strike
2-1: Swinging Strike
2-2: Ball
3-2: Foul Ball, location: 2F
3-2: Base on Balls
Batting: RHB Trevor Corey 0-0: Ball
Chris McGrath steals 3rd base
Ryuki Ogasawara to second
1-0: Ball
2-0: Foul Ball, location: 2F
2-1: Called Strike
2-2: SINGLE (Groundball, 4D, EV 105.0 MPH)
Chris McGrath scores
Ryuki Ogasawara to third
Runner from 3rd tries for Home, SAFE, throw by CF to home
Batting: RHB Nelson Ozuna 0-0: Ball
1-0: Ball
2-0: Called Strike
2-1: Swinging Strike
2-2: Foul Ball, location: 2F
2-2: Reached on error, E1 (Groundball, 13, EV 74.4 MPH)
Trevor Corey to second
Batting: RHB Dwane Reed 0-0: Ball
1-0: Called Strike
1-1: Swinging Strike
1-2: Fly out, F7 (Flyball, 7LM, EV 93.8 MPH)
Batting: RHB Danny Loyola 0-0: Ball
1-0: Foul Ball, location: 2F
1-1: Fielders Choice at 2nd, 6-4 (Groundball, 6, EV 110.6 MPH)
Trevor Corey to third
Batting: RHB Terry Jarrells 0-0: Ball
1-0: Ball
2-0: Ball
3-0: Base on Balls
Danny Loyola to second
Batting: RHB Jonathan Underhill 0-0: SINGLE (Line Drive, 34D, EV 96.9 MPH)
Trevor Corey scores
Danny Loyola to third
Terry Jarrells to second
Runner from 3rd tries for Home, SAFE, throw by RF to trailing runner, OUT at third! 9-3-5
Top of the 3rd over - 4 runs, 2 hits, 1 error, 1 left on base; Hillsboro 4 - Boise 1
BOTTOM OF THE 3RD
Boise Hawks batting - Pitching for Hillsboro Hops : RHP Ricardo Villar
Now at SS: Jim Begger
Batting: RHB Pei Xie 0-0: Called Strike
0-1: Swinging Strike
0-2: Strikes out swinging
Batting: RHB Larry Hardman 0-0: Ball
1-0: Fly out, F7 (Flyball, 78S, EV 79.4 MPH)
Batting: RHB Corban Stavrakis 0-0: Called Strike
0-1: Foul Ball, location: 2F
0-2: Foul Ball, location: 2F
0-2: Ball
1-2: Ball
2-2: Foul Ball, location: 2F
2-2: Ground out 5-3 (Groundball, 56, EV 76.2 MPH)
Bottom of the 3rd over - 0 runs, 0 hits, 0 errors, 0 left on base; Hillsboro 4 - Boise 1
TOP OF THE 4TH
Hillsboro Hops batting - Pitching for Boise Hawks : RHP Dave Shanks
Batting: RHB Longfellow Wetzler 0-0: Called Strike
0-1: SINGLE (Groundball, 6MD, EV 93.8 MPH)
Batting: RHB Chris McGrath 0-0: Ball
Longfellow Wetzler steals 2nd, throwing error, E2
Longfellow Wetzler to third
1-0: Called Strike
1-1: Ball
2-1: Ball
3-1: Base on Balls
Batting: RHB Jim Begger 0-0: Called Strike
Chris McGrath steals 2nd base (no throw)
0-1: Ball
1-1: Ground out 6-3 (Groundball, 6, EV 82.5 MPH)
Longfellow Wetzler scores
Chris McGrath to third
Pitching: RHP Jalen Young
Batting: RHB Trevor Corey 0-0: Foul Ball, location: 2F
0-1: Swinging Strike
0-2: Ball
1-2: Strikes out swinging
Batting: RHB Nelson Ozuna 0-0: Ground out 6-3 (Groundball, 6M, EV 108.1 MPH)
Top of the 4th over - 1 run, 1 hit, 1 error, 1 left on base; Hillsboro 5 - Boise 1
BOTTOM OF THE 4TH
Boise Hawks batting - Pitching for Hillsboro Hops : RHP Ricardo Villar
Batting: LHB Harry Folsom 0-0: Called Strike
0-1: Ball
1-1: Fly out, F8 (Flyball, 89S, EV 89.4 MPH)
Batting: RHB Shawn Weber 0-0: Called Strike
0-1: Swinging Strike
0-2: Ball
1-2: SINGLE (Groundball, 56D, EV 93.8 MPH)
Batting: SHB Charlie Diesel 0-0: Called Strike
0-1: Called Strike
0-2: Fielders Choice at 2nd, 4-6 (Groundball, 4, EV 101.9 MPH)
Batting: LHB Cy Ostrowski 0-0: Swinging Strike
0-1: Ball
1-1: Ball
2-1: Foul Ball, location: 2F
2-2: Strikes out swinging
Bottom of the 4th over - 0 runs, 1 hit, 0 errors, 1 left on base; Hillsboro 5 - Boise 1
TOP OF THE 5TH
Hillsboro Hops batting - Pitching for Boise Hawks : RHP Jalen Young
Batting: RHB Dwane Reed 0-0: Ball
1-0: Ball
2-0: Called Strike
2-1: Ball
3-1: Called Strike
3-2: Strikes out swinging, 2-3 out at first.
Batting: RHB Danny Loyola 0-0: Called Strike
0-1: Ball
1-1: Called Strike
1-2: Ground out 4-3 (Groundball, 4M, EV 78.8 MPH)
Batting: RHB Terry Jarrells 0-0: Called Strike
0-1: Ball
1-1: Ball
2-1: Ground out 6-3 (Groundball, 6, EV 100.6 MPH)
Top of the 5th over - 0 runs, 0 hits, 0 errors, 0 left on base; Hillsboro 5 - Boise 1
BOTTOM OF THE 5TH
Boise Hawks batting - Pitching for Hillsboro Hops : RHP Ricardo Villar
Batting: LHB Fernando Amaya 0-0: Ball
1-0: Called Strike
1-1: Foul Ball, location: 2F
1-2: Ball
2-2: Strikes out swinging
Batting: RHB Charles Blatchford 0-0: Foul Ball, location: 2F
0-1: Ball
1-1: Ball
2-1: Ball
3-1: Fly out, F7 (Flyball, 7LM, EV 93.1 MPH)
Batting: RHB Pei Xie 0-0: Called Strike
0-1: Foul Ball, location: 2F
0-2: Ball
1-2: Ball
2-2: Ball
3-2: Ground out 5-3 (Groundball, 56S, EV 86.9 MPH)
Bottom of the 5th over - 0 runs, 0 hits, 0 errors, 0 left on base; Hillsboro 5 - Boise 1
TOP OF THE 6TH
Hillsboro Hops batting - Pitching for Boise Hawks : RHP Jalen Young
Batting: RHB Jonathan Underhill 0-0: Ball
1-0: Called Strike
1-1: Fly out, F8 (Line Drive, 8LD, EV 93.8 MPH)
Batting: RHB Longfellow Wetzler 0-0: SINGLE (Line Drive, 4MD, EV 95.0 MPH)
Batting: RHB Chris McGrath 0-0: Ball
Longfellow Wetzler steals 2nd base (no throw)
1-0: Ground out 4-3 (Groundball, 4M, EV 90.6 MPH)
Longfellow Wetzler to third
Batting: RHB Jim Begger 0-0: Fly out, F7 (Line Drive, 7D, EV 89.4 MPH)
Top of the 6th over - 0 runs, 1 hit, 0 errors, 1 left on base; Hillsboro 5 - Boise 1
BOTTOM OF THE 6TH
Boise Hawks batting - Pitching for Hillsboro Hops : RHP Ricardo Villar
Batting: RHB Larry Hardman 0-0: Ball
1-0: Swinging Strike
1-1: Ball
2-1: Ball
3-1: Called Strike
3-2: TRIPLE (Flyball, 78XD, EV 107.5 MPH)
Batting: RHB Corban Stavrakis 0-0: Swinging Strike
0-1: Called Strike
0-2: Ball
1-2: Foul Ball, location: 2F
1-2: Ball
2-2: Strikes out swinging
Batting: LHB Harry Folsom 0-0: Swinging Strike
0-1: Called Strike
0-2: Foul Ball, location: 2F
0-2: SINGLE (Groundball, 34S, EV 66.9 MPH) (infield hit)
Larry Hardman scores
Batting: RHB Shawn Weber 0-0: Ball
Harry Folsom steals 2nd base
1-0: Fly out, F6 (Popup, 4MS, EV 81.9 MPH)
Batting: SHB Charlie Diesel 0-0: Foul Ball, location: 2F
0-1: Foul Ball, location: 2F
0-2: Ground out 4-3 (Groundball, 13, EV 79.4 MPH)
Bottom of the 6th over - 1 run, 2 hits, 0 errors, 1 left on base; Hillsboro 5 - Boise 2
TOP OF THE 7TH
Hillsboro Hops batting - Pitching for Boise Hawks : RHP Jalen Young
Batting: RHB Trevor Corey 0-0: Ball
1-0: Ball
2-0: Foul Ball, location: 2F
2-1: Ground out 4-3 (Groundball, 4S, EV 83.1 MPH)
Batting: RHB Nelson Ozuna 0-0: Ball
1-0: Ground out 6-3 (Groundball, 6, EV 108.8 MPH)
Batting: RHB Dwane Reed 0-0: Called Strike
0-1: Called Strike
0-2: Ball
1-2: Ball
2-2: Ball
3-2: Base on Balls
Pitching: RHP Lorenzo Pacheco
Batting: RHB Danny Loyola 0-0: Ball
Dwane Reed steals 2nd base (no throw)
1-0: Ball
2-0: Swinging Strike
2-1: Fly out, F8 (Flyball, 8LM, EV 80.6 MPH)
Top of the 7th over - 0 runs, 0 hits, 0 errors, 1 left on base; Hillsboro 5 - Boise 2
BOTTOM OF THE 7TH
Boise Hawks batting - Pitching for Hillsboro Hops : RHP Ricardo Villar
Batting: LHB Cy Ostrowski 0-0: Called Strike
0-1: Swinging Strike
0-2: Ball
1-2: Ball
2-2: Foul Ball, location: 2F
2-2: Strikes out swinging
Batting: LHB Fernando Amaya 0-0: Called Strike
0-1: Swinging Strike
0-2: SINGLE (Flyball, 3D, EV 83.1 MPH)
Batting: RHB Charles Blatchford 0-0: Ball
Fernando Amaya steals 2nd base
1-0: Ball
Wild Pitch!
Fernando Amaya to third
2-0: Swinging Strike
2-1: Called Strike
2-2: Foul Ball, location: 2F
2-2: Foul Ball, location: 2F
2-2: Foul Ball, location: 2F
2-2: DOUBLE (Line Drive, 7LS, EV 113.8 MPH)
Fernando Amaya scores
Pitching: LHP Chris Bonfanti
Batting: RHB Pei Xie 0-0: Called Strike
0-1: Ground out 4-3 (Groundball, 34, EV 99.4 MPH)
Charles Blatchford to third
Batting: RHB Larry Hardman 0-0: Ball
1-0: Called Strike
1-1: Ball
2-1: Called Strike
2-2: Ground out 6-3 (Groundball, 6, EV 80.0 MPH)
Bottom of the 7th over - 1 run, 2 hits, 0 errors, 1 left on base; Hillsboro 5 - Boise 3
TOP OF THE 8TH
Hillsboro Hops batting - Pitching for Boise Hawks : RHP Lorenzo Pacheco
Batting: RHB Terry Jarrells 0-0: Ball
1-0: Called Strike
1-1: Ground out 5-3 (Groundball, 56S, EV 83.1 MPH)
Batting: RHB Jonathan Underhill 0-0: Ball
1-0: Ball
2-0: Called Strike
2-1: Foul Ball, location: 2F
2-2: Ball
3-2: SINGLE (Groundball, 56, EV 98.1 MPH) (infield hit)
Batting: RHB Longfellow Wetzler 0-0: Ball
Jonathan Underhill steals 2nd base (no throw)
1-0: Ball
2-0: Called Strike
2-1: Foul Ball, location: 2F
2-2: Ground out 5-3 (Groundball, 5S, EV 91.2 MPH)
Batting: RHB Chris McGrath 0-0: Called Strike
0-1: Ball
1-1: Foul Ball, location: 2F
1-2: Foul Ball, location: 2F
1-2: Strikes out looking
Top of the 8th over - 0 runs, 1 hit, 0 errors, 1 left on base; Hillsboro 5 - Boise 3
BOTTOM OF THE 8TH
Boise Hawks batting - Pitching for Hillsboro Hops : LHP Chris Bonfanti
Now at 1B: Orlando Florez
Batting: RHB Corban Stavrakis 0-0: Called Strike
0-1: Swinging Strike
0-2: Strikes out swinging
Batting: LHB Harry Folsom 0-0: Ground out 4-3 (Groundball, 4M, EV 96.2 MPH)
Batting: RHB Shawn Weber 0-0: Called Strike
0-1: Called Strike
0-2: Foul Ball, location: 2F
0-2: Ball
1-2: Ball
2-2: Strikes out swinging
Bottom of the 8th over - 0 runs, 0 hits, 0 errors, 0 left on base; Hillsboro 5 - Boise 3
TOP OF THE 9TH
Hillsboro Hops batting - Pitching for Boise Hawks : RHP Lorenzo Pacheco
Pinch Hitting: LHB Josh Thomas 0-0: Ball
1-0: Foul Ball, location: 2F
1-1: Ball
2-1: Swinging Strike
2-2: Ball
3-2: Foul Ball, location: 2F
3-2: Foul Ball, location: 2F
3-2: Strikes out looking
Pitching: RHP Dane Long
Batting: RHB Trevor Corey 0-0: Ball
1-0: Ball
2-0: Called Strike
2-1: Foul Ball, location: 2F
2-2: Ball
3-2: Strikes out swinging, 2-3 out at first.
Batting: RHB Nelson Ozuna 0-0: Foul Ball, location: 2F
0-1: Foul Ball, location: 2F
0-2: Strikes out swinging
Top of the 9th over - 0 runs, 0 hits, 0 errors, 0 left on base; Hillsboro 5 - Boise 3
BOTTOM OF THE 9TH
Boise Hawks batting - Pitching for Hillsboro Hops : LHP Chris Bonfanti
Pitching: LHP Jose Estrada
Now at SS: Brandon Joshua
Batting: SHB Charlie Diesel 0-0: Called Strike
0-1: Called Strike
0-2: Foul Ball, location: 2F
0-2: Ball
1-2: Strikes out swinging
Pinch Hitting: RHB Nick Richardson 0-0: Called Strike
0-1: Foul Ball, location: 2F
0-2: Hit by Pitch
Pinch Hitting: RHB Steve Blackshear 0-0: Called Strike
0-1: Swinging Strike
0-2: Strikes out looking
Batting: RHB Charles Blatchford 0-0: Ball
1-0: Called Strike
1-1: Foul Ball, location: 2F
1-2: Strikes out looking
Bottom of the 9th over - 0 runs, 0 hits, 0 errors, 1 left on base; Hillsboro 5 - Boise 3
Thursday, December 15th , 2022 - OOTP Baseball 23.9 Build 102